 Dungeon Crawl Stone Soup version 0.20.1-1-g8b1a95d (webtiles) character file.

16 tidbits the Ruffian (level 2, 7/23 HPs)
             Began as a Draconian Transmuter on July 6, 2017.
             Quit the game on level 1 of the Dungeon.
             The game lasted 00:02:55 (418 turns).

tidbits the Ruffian (Draconian Transmuter)           Turns: 418, Time: 00:02:55

Health: 7/23       AC:  4    Str: 12    XL:     2   Next: 41%
Magic:  5/5        EV: 12    Int: 13    God:
Gold:   35         SH:  0    Dex: 11    Spells: 2/5 levels left

rFire    . . .     SeeInvis .     - Unarmed
rCold    . . .     Gourm    .   (no shield)
rNeg     . . .     Faith    .   (armour unavailable)
rPois    .         Spirit   .   (helmet restricted)
rElec    .         Reflect  .   (no cloak)
rCorr    .         Harm     .   (no gloves)
MR       .....                  (no boots)
Stlth    +.........             (no amulet)
Regen    0.1/turn               k - ring of loudness (curse)
MPRegen  0.1/turn               (no ring)

@: lethally poisoned (7 -> -4)
A: unfitting armour, cold-blooded, AC +4
a: no special abilities


You were on level 1 of the Dungeon.
You were not hungry.

You visited 1 branch of the dungeon, and saw 3 of its levels.

You collected 35 gold pieces.

Inventory:

Hand Weapons
 f - a +1 antimagic dagger
   (You took it off a kobold on level 1 of the Dungeon)
Missiles
 a - 18 arrows
 e - 15 sling bullets
 j - 39 stones (quivered)
Jewellery
 k - a cursed ring of loudness (left hand)
   (You found it on level 1 of the Dungeon)
Scrolls
 d - a scroll of teleportation {unknown}
Books
 b - a book of Changes

   Spells                             Type                      Level
   a - Beastly Appendage              Transmutation                1
   b - Sticks to Snakes               Transmutation                2
   c - Spider Form                    Transmutation/Poison         3
   d - Ice Form                       Ice/Transmutation            4
   e - Blade Hands                    Transmutation                5
Comestibles
 c - a bread ration
 g - 2 chunks of flesh
 i - 2 fruits


   Skills:
 - Level 1.1 Fighting
 - Level 1.7 Dodging
 - Level 1.8 Stealth
 + Level 3.2 Unarmed Combat
 - Level 2.0 Spellcasting
 - Level 2.0 Transmutations


You had 2 spell levels left.
You knew the following spells:

 Your Spells              Type           Power        Failure   Level  Hunger
e - Beastly Appendage     Tmut           #.....       11%         1    ##.....
k - Sticks to Snakes      Tmut           #.......     17%         2    ###....


Dungeon Overview and Level Annotations

Branches:
Dungeon (3/15)

Altars:


Innate Abilities, Weirdness & Mutations

Your plain brown scales are hard. (AC +4)
You cannot fit into any form of body armour.
You are cold-blooded and may be slowed by cold attacks.


Message History

Oops, that ring feels deathly cold.
k - a cursed ring of loudness (left hand)
As you read the scroll labeled ZUIM TULAI, it crumbles to dust.
You feel aware of your surroundings.
It was a scroll of magic mapping.
As you read the scroll labeled XACZAQOED, it crumbles to dust.
It is a scroll of recharging.
You aren't carrying any rechargeable items.
Found 21 stones.
A leopard gecko comes into view.
The leopard gecko hisses angrily.
Casting: Beastly Appendage
Confirm with . or Enter, or press ? or * to list all spells.
You grow a pair of large bovine horns.
You hit the leopard gecko.
The leopard gecko is heavily wounded.
Your transformation is almost over.
The leopard gecko closely misses you. The leopard gecko barely misses you.
You hit the leopard gecko but do no damage.
Your tail-slap misses the leopard gecko.
The leopard gecko is heavily wounded.
The leopard gecko bites you.
* * * LOW HITPOINT WARNING * * *
You are too injured to fight recklessly!
You are too injured to fight recklessly!
You are too injured to fight recklessly!
You are too injured to fight recklessly!
You hit the leopard gecko but do no damage.
The leopard gecko is heavily wounded.
The leopard gecko bites you.
* * * LOW HITPOINT WARNING * * *
You miss the leopard gecko.
The leopard gecko is heavily wounded.
The leopard gecko barely misses you.
You hit the leopard gecko.
You kill the leopard gecko!
Your horns disappear.
j - 39 stones (gained 21)
Found 12 gold pieces.
You now have 35 gold pieces (gained 12).
A hobgoblin comes into view. It is wielding a club.
The hobgoblin shouts!
Casting: Beastly Appendage
Confirm with . or Enter, or press ? or * to list all spells.
You create a snake!
You now have 18 arrows.
Casting: Sticks to Snakes
Confirm with . or Enter, or press ? or * to list all spells.
You grow a pair of large bovine horns.
A leopard gecko comes into view.
Your transformation is almost over.
The leopard gecko hisses angrily.
You hit the hobgoblin.
The hobgoblin is almost dead.
The hobgoblin hits you but does no damage.
You closely miss the hobgoblin. You punch the hobgoblin.
You kill the hobgoblin!
You hit the leopard gecko.
The leopard gecko is severely wounded.
The leopard gecko barely misses you.
You barely miss the leopard gecko.
The leopard gecko is severely wounded.
The leopard gecko bites you but does no damage.
You hit the leopard gecko.
You kill the leopard gecko!
Things that are here:
a club; a hobgoblin corpse You butcher the hobgoblin corpse.
Your horns disappear.
g - 3 chunks of flesh (gained 2)
Things that are here:
a club; a hobgoblin skeleton You swap places.
You swap places.
Things that are here:
a club; a hobgoblin skeleton
Found a scroll labeled NOREOGR SAODAQ.
d - a scroll labeled NOREOGR SAODAQ Magic restored.
Your ball python withers and dies!
Some of the chunks of flesh in your inventory have rotted away.
There is a stone staircase leading down here.
You climb downwards.
The orc hits you with a short sword of venom.
You are poisoned.
The orc barely misses you.
There is a stone staircase leading up here.
Unknown command.
You feel sick. The orc hits you but does no damage.
You are lethally poisoned!
You climb upwards.
* * * LOW HITPOINT WARNING * * *
You feel sick.
There is a stone staircase leading down here.
* * * LOW HITPOINT WARNING * * *
You feel sick.
The orc hits you with a short sword of venom.
* * * LOW HITPOINT WARNING * * *
* * * LOW HITPOINT WARNING * * *
You feel sick.
You aren't carrying any potions.
Are you sure you want to abandon this character and quit the game? (Confirm with "yes".)

*,*,* #.......# #.#
#.# #*,*,* ###..##.#
#.# #.# #*,*,* ##.##.#
#.# #.# #*,*,* #..#.#
#.# #.# #*,*,* ##.#.#
*.# #.# **,*,* #...#
*,* #.# *,*,* ##..#
*,* #.# **,*,* #..#
*,* #.# *,,*,*
#######.@# *,* #.#
*,,*.####.......o# *,*
#.# *,,,............>#
*,* #.#
**,,*####........###,*
#.# ##..#
#............#,* #.#
.#..###.#........#.#,*
#)#
.#.................#,*
#.#
.#...##.#.##########,*
#.#
.#....#.#........,,,,*
#.#


You could see an orc.

Vanquished Creatures
  A dart slug (D:1)
  2 leopard geckos (D:1)
  A goblin (D:1)
  2 hobgoblins (D:1)
  3 kobolds (D:1)
  2 frilled lizards (D:1)
  A rat (D:1)
12 creatures vanquished.

Notes
Turn   | Place    | Note
-------+----------+-------------------------------------------
     0 | D:1      | tidbits the Draconian Transmuter began the quest for the Orb.
     0 | D:1      | Reached XP level 1. HP: 16/16 MP: 3/3
    88 | D:1      | Reached skill level 1 in Stealth
   108 | D:1      | Reached XP level 2. HP: 23/23 MP: 1/5
   232 | D:1      | Learned a level 2 spell: Sticks to Snakes
   418 | D:1      | Quit the game

Skill      XL: |  1 |
---------------+----+-----
Stealth        | 1 |  1.8
Fighting       | |  1.1
Dodging        | |  1.7
Unarmed Combat | |  3.2
Spellcasting   | |  2.0
Transmutations | |  2.0

Action                   || total
-------------------------++-------
Melee: Unarmed           ||    30
       Headbutt          ||     3
       Tailslap          ||     1
       Punch             ||     1
 Cast: Beastly Appendage ||    10
       Sticks to Snakes  ||     1
  Use: Scroll            ||     2
Armor: Skin              ||     4
Dodge: Dodged            ||    11

Table legend:
 A = Turns spent in this place as a percentage of turns spent in the entire game.
 B = Non-inter-level travel turns spent in this place as a percentage of non-inter-level travel turns spent in the entire game.
 C = Inter-level travel turns spent in this place as a percentage of turns spent in this place.
 D = Turns resting spent in this place as a percentage of non-inter-level travel turns spent in this place.
 E = Turns spent auto-exploring this place as a percentage of non-inter-level travel turns spent in this place.
 F = Non-inter-level travel turns spent in this place divided by the number of levels of this place that you've seen.
                   A       B       C       D       E      F
               +-------+-------+-------+-------+-------+----------------------
         Total | 100.0 | 100.0 |   0.3 |   0.6 |   0.0 | 110.0
       Dungeon | 100.0 | 100.0 |   0.3 |   0.6 |   0.0 | 110.0
               +-------+-------+-------+-------+-------+----------------------

Table legend:
 A = Kills in this place as a percentage of kills in entire the game.
 B = Kills by you in this place as a percentage of kills by you in the entire game.
 C = Kills by friends in this place as a percentage of kills by friends in the entire game.
 D = Other kills in this place as a percentage of other kills in the entire game.
 E = Experience gained in this place as a percentage of experience gained in the entire game.
 F = Experience gained in this place divided by the number of levels of this place that you have seen.
                   A       B       C       D       E      F
               +-------+-------+-------+-------+-------+----------------------
         Total | 100.0 | 100.0 |  -nan |  -nan | 100.0 |   8.0
       Dungeon | 100.0 | 100.0 |  -nan |  -nan | 100.0 |   8.0
               +-------+-------+-------+-------+-------+----------------------

Vault maps used:
D:1:      minmay_arrival_split_and_join, hangedman_feature_mirror
D:2:      minitemple
D:3:      grunt_temple_overflow_holy_war, small_statue_intersection,
          serial_bayou_pond_b, fedhas_altar_fruit_tree, uniq_jessica
